Map: Blackburn LE

Players

GunGFuBanDa

  • Race: Protoss Protoss

MarineLorD - Winner!

  • Race: Terran Terran
  • League: Master

Event: DreamHack SC2 Masters 2021 Winter

VOD

Have the link to the VOD?

Description

Time

  • Played on: Oct. 6, 2021, 11:40 a.m.
  • Length: 16:00

All games in this series

Show
View Real Time Build Order
Export as new Build Order

GunGFuBanDa Protoss 

Build Orders: 1 Gate Expand, Phoenix Opening, Blink Stalkers, Zealot Archon 

Get SALT Encoding   

  12  0:00  Probe  
  13  0:12  Probe  
  14  0:16  Pylon  
  14  0:24  Probe (Chrono Boost)  
  15  0:36  Probe (Chrono Boost)  
  15  0:38  Gateway  
  16  0:44  Probe (Chrono Boost)  
  16  0:47  Assimilator  
  17  0:50  Probe  
  18  1:03  Probe  
  19  1:15  Probe  
  20  1:25  Nexus  
  20  1:35  Cybernetics Core  
  20  1:37  Probe  
  21  1:46  Assimilator  
  21  1:49  Probe  
  22  1:54  Pylon  
  22  2:03  Probe (Chrono Boost)  
  23  2:10  Adept (Chrono Boost)  
  23  2:11  Warp Gate  
  23  2:15  Probe (Chrono Boost)  
  26  2:23  Probe (Chrono Boost)  
  27  2:31  Probe (Chrono Boost)  
  27  2:33  Sentry  
  31  2:37  Probe (Chrono Boost)  
  31  2:42  Twilight Council  
  32  2:46  Probe x2 (Chrono Boost)  
  33  2:51  Probe (Chrono Boost)  
  33  2:53  Probe  
  35  2:59  Stalker  
  35  3:01  Gateway  
  35  3:03  Probe  
  38  3:07  Phoenix, Probe  
  39  3:13  Pylon  
  39  3:15  Blink (Chrono Boost), Probe (Chrono Boost)  
  41  3:23  Probe (Chrono Boost)  
  42  3:27  Probe (Chrono Boost)  
  42  3:31  Assimilator  
  43  3:34  Probe (Chrono Boost)  
  43  3:35  Probe (Chrono Boost)  
  42  3:41  Probe  
  42  3:43  Probe  
  41  3:53  Probe  
  39  3:56  Probe  
  39  3:59  Stalker x2  
  41  4:06  Probe  
  41  4:08  Probe (Chrono Boost)  
  43  4:18  Probe (Chrono Boost)  
  43  4:23  Robotics Facility  
  45  4:26  Probe (Chrono Boost)  
  45  4:28  Probe (Chrono Boost)  
  46  4:31  Nexus  
  46  4:32  Probe x2 (Chrono Boost)  
  46  4:34  Pylon  
  46  4:36  Sentry  
  50  4:40  Stalker  
  50  4:44  Assimilator, Probe  
  50  4:45  Probe  
  54  4:49  Pylon  
  54  4:56  Probe  
  54  4:57  Probe  
  54  4:58  Templar Archives  
  56  5:08  Probe  
  56  5:09  Probe  
  56  5:11  Observer  
  59  5:16  Gateway  
  59  5:17  Charge (Chrono Boost)  
  59  5:18  Gateway  
  59  5:20  Probe  
  60  5:22  Probe  
  60  5:25  Shield Battery  
  61  5:32  Probe  
  61  5:34  Psionic Storm, Probe  
  63  5:44  Gateway  
  63  5:45  Probe x2 (Chrono Boost)  
  63  5:46  Probe (Chrono Boost)  
  66  5:51  Gateway  
  66  5:56  Probe x3 (Chrono Boost)  
  69  5:59  High Templar  
  69  6:00  Probe (Chrono Boost)  
  69  6:02  High Templar  
  74  6:06  Probe  
  74  6:07  Probe  
  74  6:10  Pylon  
  74  6:18  Probe (Chrono Boost)  
  74  6:19  Probe (Chrono Boost)  
  74  6:24  High Templar  
  74  6:25  Probe (Chrono Boost)  
  78  6:28  Assimilator  
  78  6:30  Assimilator  
  78  6:31  Probe (Chrono Boost)  
  80  6:36  Probe (Chrono Boost), Forge  
  80  6:37  Forge, Pylon  
  80  6:38  Warp Prism, Probe (Chrono Boost), High Templar  
  85  6:44  Probe, Pylon  
  85  6:45  Probe  
  87  7:01  Gateway  
  87  7:03  Gateway, Probe, Pylon  
  87  7:04  Protoss Ground Weapons Level 1 (Chrono Boost)  
  87  7:05  Protoss Ground Armor Level 1 (Chrono Boost)  
  88  7:09  Photon Cannon  
  88  7:12  Nexus  
  88  7:14  Pylon  
  88  7:17  Zealot x3  
  88  7:18  Zealot  
  96  7:24  Probe x3  
  96  7:27  Pylon  
  99  7:30  High Templar  
  99  7:35  Pylon  
  101  7:42  Probe  
  101  7:45  High Templar x3  
  101  7:46  Zealot, High Templar  
  101  7:48  Immortal (Chrono Boost)  
  101  7:49  Archon  
  101  7:50  Archon  
  109  7:59  Probe  
  109  8:01  Probe  
  109  8:02  Probe  
  112  8:06  Zealot x2  
  112  8:07  Shield Battery  
  112  8:09  Photon Cannon  
  112  8:11  Zealot x2  
  118  8:18  Pylon  
  118  8:20  Immortal, Probe, Pylon  
  118  8:21  Probe x2  
  118  8:24  Stalker x4  
  133  8:30  Probe  
  133  8:32  Probe  
  133  8:33  Probe x2  
  137  8:42  Probe  
  137  8:45  Probe  
  137  8:47  Probe  
  139  8:50  Zealot x8  
  139  8:55  Robotics Bay  
  155  8:56  Robotics Facility  
  155  9:15  Protoss Ground Weapons Level 2 (Chrono Boost), Protoss Ground Armor Level 2 (Chrono Boost)  
  149  9:26  Stalker x3, Zealot x5  
  165  9:31  Gateway  
  165  9:36  Extended Thermal Lance  
  171  9:48  Colossus (Chrono Boost), Pylon  
  171  9:49  Pylon  
  171  9:52  Colossus (Chrono Boost)  
  169  10:03  Zealot x3  
  169  10:07  Pylon  
  169  10:09  Probe  
  169  10:13  Nexus  
  169  10:14  Pylon  
  168  10:20  Probe x2  
  162  10:34  Zealot x6  
  168  10:38  Pylon  
  156  10:45  Colossus (Chrono Boost)  
  156  10:49  Probe  
  139  10:50  Zealot x3  
  131  11:00  Probe x2  
  121  11:07  Probe  
  121  11:08  High Templar x2  
  121  11:09  High Templar x2  
  130  11:12  Stalker x3  
  130  11:13  Zealot x2  
  130  11:16  Nexus, Shield Battery  
  130  11:17  Immortal (Chrono Boost)  
  140  11:23  Probe  
  145  11:27  Dark Shrine  
  145  11:31  Assimilator x2  
  144  11:34  Observer (Chrono Boost)  
  145  11:40  Probe  
  146  11:48  Disruptor (Chrono Boost)  
  147  11:59  Stalker, Zealot x7, Gravitic Drive, Protoss Ground Armor Level 3 (Chrono Boost)  
  147  12:00  Zealot, Protoss Ground Weapons Level 3 (Chrono Boost)  
  163  12:07  Photon Cannon  
  163  12:09  Pylon  
  163  12:15  Photon Cannon, Disruptor (Chrono Boost)  
  164  12:30  Zealot x3  
  164  12:31  Stalker, Zealot x3  
  164  12:35  Probe  
  179  12:40  Shadow Stride (Chrono Boost)  
  179  12:42  Probe x2, Pylon  
  181  12:48  Probe  
  178  12:53  Assimilator  
  178  12:54  Assimilator  
  170  12:58  Immortal x2  
  170  13:00  High Templar x4  
  170  13:02  Shield Battery  
  182  13:06  Archon x2  
  182  13:07  Zealot x4  
  184  13:24  Probe x2  
  184  13:34  Dark Templar x6  
  184  13:35  Dark Templar x2  
  184  13:38  Immortal  
  184  13:41  Observer  
  192  13:53  Probe x2, High Templar  
  196  14:00  Shield Battery  
  195  14:06  Pylon  
  195  14:11  Pylon  
  157  14:38  Stalker x7  
  157  14:39  Stalker x2  
  171  14:51  Nexus  
  167  15:04  Zealot  
  167  15:05  Zealot x8  
Show
View Real Time Build Order
Export as new Build Order

MarineLorD Terran - Winner!

Build Orders:  

Get SALT Encoding   

  12  0:00  SCV  
  13  0:12  SCV  
  14  0:16  Supply Depot  
  14  0:24  SCV  
  15  0:38  SCV  
  15  0:39  Barracks  
  16  0:43  Refinery  
  16  0:50  SCV  
  17  1:02  SCV  
  18  1:14  SCV  
  20  1:26  Orbital Command  
  20  1:27  Barracks Reactor  
  19  1:44  Command Center  
  19  1:50  Supply Depot  
  19  1:54  SCV  
  20  2:03  Marine x2  
  20  2:07  SCV  
  23  2:11  Factory  
  23  2:20  SCV  
  23  2:21  Marine x2  
  26  2:26  Refinery  
  26  2:32  SCV  
  27  2:39  Marine x2  
  29  2:44  SCV  
  30  2:56  SCV  
  31  2:59  Orbital Command  
  31  3:04  Hellion x2  
  35  3:09  SCV  
  35  3:11  Starport  
  36  3:14  Marine  
  37  3:21  SCV  
  37  3:25  Supply Depot  
  37  3:26  SCV  
  39  3:33  SCV  
  40  3:35  Factory Tech Lab  
  40  3:38  SCV  
  40  3:45  SCV  
  39  3:50  SCV  
  39  3:52  Marine x2  
  40  3:57  SCV  
  40  4:02  SCV  
  39  4:03  Siege Tank, Starport Tech Lab  
  39  4:09  SCV  
  43  4:10  Marine x2  
  43  4:13  Bunker  
  43  4:14  SCV  
  44  4:21  SCV  
  44  4:23  Raven, Command Center  
  47  4:28  SCV, Marine  
  50  4:31  Supply Depot  
  50  4:34  SCV  
  50  4:35  Siege Tank  
  54  4:41  SCV  
  54  4:42  Supply Depot  
  54  4:44  Supply Depot  
  54  4:53  SCV x2, Marine x2  
  54  4:58  Barracks x2  
  58  5:02  Engineering Bay  
  58  5:09  SCV x2  
  58  5:10  Marine x2  
  62  5:20  Refinery  
  62  5:21  SCV, Siege Tank  
  62  5:22  SCV, Refinery  
  67  5:29  Missile Turret, Terran Infantry Weapons Level 1  
  67  5:34  SCV x2, Marine  
  70  5:39  Orbital Command  
  70  5:48  SCV x2  
  72  5:51  Supply Depot  
  72  5:52  Stimpack, Marine x2  
  72  5:53  Marine  
  72  5:56  Starport Reactor  
  75  5:58  Combat Shield  
  75  6:01  SCV x2  
  75  6:02  Factory Reactor  
  77  6:04  Orbital Command  
  77  6:06  Marauder  
  77  6:10  Marine x2  
  81  6:13  SCV x2  
  81  6:15  Marine  
  84  6:24  Barracks  
  84  6:25  SCV x2  
  85  6:26  Barracks  
  85  6:27  Marine  
  85  6:28  Marauder, Marine  
  85  6:29  SCV  
  91  6:33  Marine  
  91  6:37  SCV x2  
  94  6:41  Missile Turret, SCV  
  94  6:43  Widow Mine x2  
  94  6:44  Medivac  
  101  6:50  Supply Depot  
  101  6:51  Supply Depot  
  101  7:00  Supply Depot  
  101  7:08  Missile Turret  
  101  7:10  Missile Turret  
  101  7:12  Marauder, Widow Mine x2, Medivac, SCV x2, Marine x2  
  101  7:13  Marauder, Medivac  
  117  7:15  Refinery  
  117  7:16  Refinery  
  117  7:21  SCV  
  117  7:22  Barracks Tech Lab  
  118  7:23  Barracks Reactor, Terran Infantry Armor Level 1  
  118  7:24  SCV  
  118  7:25  SCV  
  118  7:28  Concussive Shells  
  120  7:34  Marauder x2, SCV  
  125  7:42  Command Center  
  125  7:49  Supply Depot x2  
  125  7:50  Supply Depot  
  125  7:54  SCV  
  125  7:55  Marine  
  125  7:57  Marine  
  125  8:10  SCV, Marine x3  
  125  8:11  Marauder x2, Viking x2  
  137  8:13  Supply Depot, Marine  
  137  8:14  Marine  
  137  8:15  Supply Depot  
  137  8:18  Ghost Academy  
  139  8:27  Armory  
  139  8:28  Marine x2  
  139  8:29  Marauder  
  139  8:31  Supply Depot, Engineering Bay  
  139  8:34  Marine x2  
  149  8:35  Widow Mine x2  
  149  8:40  SCV x2  
  149  8:41  Medivac x2, SCV  
  159  8:52  SCV x2, Ghost x3  
  159  8:53  Enhanced Shockwaves  
  163  9:00  SCV  
  164  9:04  SCV  
  164  9:05  SCV  
  164  9:18  Marine x2  
  164  9:19  Marine x2  
  164  9:21  Ghost x2  
  172  9:25  SCV x2  
  172  9:29  Terran Infantry Weapons Level 2, Terran Infantry Armor Level 2  
  172  9:30  Terran Ship Weapons Level 1  
  174  9:31  Planetary Fortress  
  174  9:34  Refinery, Command Center  
  174  9:35  Refinery  
  174  9:36  Marauder, Marine x2  
  176  9:55  Marauder, Marine x2  
  176  9:56  Marauder, Marine  
  176  9:59  Marine  
  184  10:00  Marauder  
  180  10:12  Marine  
  180  10:13  Marine  
  180  10:14  SCV x3, Marine  
  180  10:16  Marauder  
  180  10:18  Marauder  
  181  10:21  Marine  
  181  10:22  Marauder  
  180  10:30  Marine  
  180  10:31  SCV x3, Marine  
  180  10:33  Marine  
  183  10:38  Marauder  
  183  10:39  Marauder, Marine  
  185  10:48  Viking x2  
  185  10:49  Marine  
  163  10:50  Marauder, Marine  
  163  10:51  Marine  
  154  10:57  Marine  
  154  10:59  Marauder  
  154  11:01  Marauder  
  145  11:07  Marine x2  
  145  11:10  SCV x2  
  149  11:11  Marauder  
  149  11:15  Barracks  
  149  11:16  Barracks  
  149  11:18  Personal Cloaking, Barracks x2  
  149  11:19  Barracks  
  149  11:21  Marauder, Marine  
  149  11:22  Marauder  
  149  11:24  Starport  
  154  11:28  Fusion Core  
  154  11:30  Missile Turret, Sensor Tower  
  154  11:32  Ghost  
  156  11:35  Viking x2  
  160  11:41  Ghost  
  160  11:42  Terran Ship Weapons Level 2, Ghost  
  164  12:00  Viking x2, Ghost  
  170  12:05  Viking x2  
  170  12:06  Planetary Fortress  
  174  12:10  Ghost  
  176  12:20  Missile Turret  
  174  12:25  Refinery  
  174  12:26  Refinery  
  174  12:28  Barracks Reactor x2, Barracks Tech Lab x2  
  174  12:30  Advanced Ballistics  
  174  12:32  Terran Infantry Weapons Level 3  
  174  12:37  Marauder, Marine x3  
  174  12:38  Marauder, Marine  
  174  12:39  Marauder  
  184  12:44  Nuke  
  184  12:48  Marauder  
  183  12:57  Liberator x2  
  189  12:59  Marauder  
  189  13:04  Marine  
  189  13:05  Marauder  
  194  13:06  Marine x2  
  194  13:07  Marauder  
  195  13:18  Liberator x2  
  195  13:22  Marine x2  
  195  13:23  Marauder  
  194  13:29  Marine x4  
  194  13:30  Marauder  
  194  13:31  Marine  
  198  13:38  Marauder  
  198  13:40  SCV  
  198  13:41  SCV x2  
  199  13:43  SCV  
  198  13:53  SCV  
  199  14:03  Missile Turret  
  199  14:04  Missile Turret  
  185  14:34  Ghost x4  
  185  14:38  Marauder, Marine x3  
  191  14:40  SCV  
  189  14:47  Command Center  
  189  14:48  Command Center  
  189  14:50  Command Center  
  189  15:04  Marine  
  188  15:13  Marine  
  187  15:14  Liberator  
  187  15:15  Marauder  
  187  15:16  Liberator x2  
  187  15:17  Liberator  
  187  15:19  Command Center, Marine  
  187  15:20  Marauder, Marine x2  
  187  15:21  Marauder, Marine x2  
  178  15:22  Marauder x2, Marine x2  
  181  15:36  Marauder  

Tags
 
Add a new tag
Caveats
  • Supply blocks, unpowered buildings, or Contaminate may cause inaccurate times.
  • Supply counts are checked every 10 seconds.